 Dungeon Crawl Stone Soup version 0.30.1-3-gfc49f6343a (webtiles) character file.

Game seed: 17609579981035534342

137 Ethylacetat the Sneak (level 5, 0/31 HPs)
             Began as an Octopode Fire Elementalist on July 29, 2023.
             Slain by an adder (2 damage)
             ... on level 3 of the Dungeon.
             The game lasted 00:11:15 (1318 turns).

Ethylacetat the Sneak (Octopode Fire Elementalist)  Turns: 1318, Time: 00:11:16

Health: 0/31       AC:  1    Str:  4 (7)  XL:     5   Next: 20%
Magic:  9/9        EV: 10    Int: 17 (20) God:
Gold:   144        SH:  5    Dex:  9 (12) Spells: 8/9 levels left

rFire   . . .        o - +1 long sword (holy)
rCold   . . .        g - orb {*channel}
rNeg    + . .        (helmet restricted)
rPois   .            h - amulet of reflection
rElec   .            i - ring of positive energy
rCorr   .            (no ring)
SInv    .            (no ring)
Will    .....        (no ring)
Stlth   ++++         (no ring)
HPRegen 0.25/turn    (no ring)
MPRegen 0.11/turn    (no ring)
                     (no ring)

%: reflection, channel magic (20%)
@: constricted
A: almost no armour, amphibious, 8 rings, camouflage 1, gelatinous body 1,
nimble swimmer 1, tentacles
a: no special abilities


You were on level 3 of the Dungeon.
You visited 1 branch of the dungeon, and saw 3 of its levels.

You collected 144 gold pieces.

Inventory:

Hand Weapons
 o - a +1 long sword of holy wrath (weapon)
Armour
 g - an orb of energy (worn)
Jewellery
 h - an amulet of reflection (around mantle)
 i - a ring of positive energy (left tentacle)
Scrolls
 b - 6 scrolls of identify {unknown}
 f - 2 scrolls of enchant weapon {unknown}
 j - a scroll of poison {unknown}
 n - a scroll of vulnerability {unknown}
 p - a scroll of butterflies {unknown}
Potions
 a - a potion of magic
 d - 2 potions of curing
 e - 2 potions of mutation {unknown}
 k - 4 potions of heal wounds {unknown}
 l - a potion of attraction {unknown}
 m - 2 potions of invisibility {unknown}


   Skills:
 - Level 2.7 Dodging
 - Level 3.9 Stealth
 + Level 2.7 Spellcasting
 + Level 2.4 Conjurations
 + Level 3.7 Fire Magic


You had 8 spell levels left.
You knew the following spells:

 Your Spells              Type           Power      Damage    Failure   Level
a - Foxfire               Conj/Fire      48%        2x1d6     14%         1

Your spell library contained the following spells:

 Spells                   Type           Power      Damage    Failure   Level
 Scorch                   Fire           30%        2d6       17%         2
 Magic Dart               Conj           40%        1d5       19%         1
 Call Imp                 Summ           4%         N/A       47%         2
 Inner Flame              Hex/Fire       8%         N/A       47%         3
 Volatile Blastmotes      Fire/Tloc      16%        2d11      47%         3
 Mephitic Cloud           Conj/Pois/Air  5%         N/A       58%         3
 Flame Wave               Conj/Fire      12%        2d6       67%         4


Dungeon Overview and Level Annotations

Branches:
Dungeon (3/15)

Altars:
Qazlal

Portals:
Sewer: D:3


Innate Abilities, Weirdness & Mutations

You cannot wear most types of armour.
You are amphibious.
You can wear up to eight rings at the same time.
Your skin changes colour to match your surroundings (Stealth+).
Your rubbery body absorbs attacks. (AC +1, EV +1)
You are camouflaged when in or above water. (Stealth+)
You have tentacles for arms and can constrict up to eight enemies at once.


Message History

The ball python bites you but does no damage.
The ball python constricts you. The adder bites you. The river rat bites you!
You hit the adder. Your grab misses the adder. You squeeze the adder.
The adder is severely wounded.
The adder bites you but does no damage. The ball python closely misses you.
The ball python constricts you. The rat bites you.
* * * LOW HITPOINT WARNING * * *
The river rat bites you.
* * * LOW HITPOINT WARNING * * *
The ball python bites you.
* * * LOW HITPOINT WARNING * * *
The ball python constricts you.
* * * LOW HITPOINT WARNING * * *
You are too injured to fight recklessly!
It was a potion of degeneration.
There was something very wrong with that liquid.
You feel weakened.
You feel dopey.
You feel clumsy. The adder closely misses you. The rat closely misses you.
The river rat closely misses you. The ball python completely misses you.
The ball python constricts you.
* * * LOW HITPOINT WARNING * * *
You block the ball python's attack.
It was a potion of curing.
You feel better. The adder misses you. The rat barely misses you.
The river rat bites you.
* * * LOW HITPOINT WARNING * * *
The ball python closely misses you. The ball python constricts you.
* * * LOW HITPOINT WARNING * * *
The ball python closely misses you. The adder barely misses you.
You closely miss the adder. Your grab misses the adder.
Your squeeze misses the adder.
The adder is severely wounded.
The ball python bites you.
* * * LOW HITPOINT WARNING * * *
The ball python constricts you.
* * * LOW HITPOINT WARNING * * *
The rat barely misses you. You block the ball python's attack.
The river rat bites you.
* * * LOW HITPOINT WARNING * * *
The adder bites you.
You die...

#.......#
##.#######
#..# ##.##
##..#
##..##
#....##
#Sr...#
#@SB..#
#Sr~~.#
#Sr~~.#
#∩~~~~#
#######


You could see an adder, a river rat, a giant cockroach, 3 ball pythons and 2
rats.

Vanquished Creatures
  Natasha (twice) (D:3)
  3 adders
  2 dart slugs
  3 orcs (D:3)
  9 ball pythons
  5 endoplasms
  A giant cockroach (D:2)
  6 goblins
  A hobgoblin (D:2)
  5 quokkas
  8 bats
  2 frilled lizards
  3 kobolds
  4 rats
54 creatures vanquished.

Vanquished Creatures (others)
  35 foxfires
35 creatures vanquished.

Grand Total: 89 creatures vanquished

Notes
Turn   | Place    | Note
-------+----------+-------------------------------------------
     0 | D:1      | Ethylacetat the Octopode Fire Elementalist began the quest
                  | for the Orb.
     0 | D:1      | Reached XP level 1. HP: 11/11 MP: 3/3
   198 | D:1      | Reached XP level 2. HP: 11/17 MP: 5/5
   456 | D:2      | Reached XP level 3. HP: 16/21 MP: 6/6
   459 | D:2      | Found a stormy altar of Qazlal.
   805 | D:2      | Reached XP level 4. HP: 26/27 MP: 7/7
  1052 | D:3      | Noticed Natasha
  1059 | D:3      | Killed Natasha
  1273 | D:3      | Noticed Natasha
  1279 | D:3      | Killed Natasha
  1280 | D:3      | Reached XP level 5. HP: 25/31 MP: 5/9
  1308 | D:3      | Found a glowing drain.
  1318 | D:3      | Slain by an adder

Illustrated notes

Levels and vault maps discovered:
D:1:      sevenhm_arrival_forest_fort_small_4, layout_rooms, minmay_pentomino_r4
D:2:      layout_basic, basic_altar
D:3:      layout_rooms, portal_sewer_entry_b, minmay_bisected, uniq_natasha

Skill      XL: |  1  2  3  4 |
---------------+-------------+-----
Stealth        | 3 |  3.9
Conjurations   | 2 |  2.4
Dodging        | |  2.7
Spellcasting   | |  2.7
Fire Magic     | |  3.7

Action                     |  1- 3 |  4- 6 || total
---------------------------+-------+-------++-------
  Melee: Unarmed           |   107 |    16 ||   123
         Constrict         |    29 |     7 ||    36
         Tentacles         |    23 |     8 ||    31
         Long sword        |       |    10 ||    10
         Punch             |       |     1 ||     1
   Cast: Foxfire           |     4 |    16 ||    20
    Use: Potion            |       |     2 ||     2
   Stab: Sleeping          |     9 |     2 ||    11
 Armour: Skin              |    11 |     2 ||    13
  Dodge: Dodged            |    90 |    26 ||   116
  Block: Other             |    35 |     3 ||    38
         Reflection        |     1 |       ||     1
         Orb               |       |     2 ||     2
